 Dungeon Crawl Stone Soup version 0.30.1-9-gdf580d7c3d (webtiles) character file.

Game seed: 12591582764090655728

13587 Eitelfritz the Spear-Bearer (level 12, 0/96 HPs)
             Began as a Merfolk Gladiator on Oct 20, 2023.
             Was a Priest of Dithmenos.
             Slain by a wyvern simulacrum (6 damage)
             ... summoned by a glowing orange brain
             ... in a Gauntlet.
             The game lasted 00:29:43 (9816 turns).

Eitelfritz the Spear-Bearer (Merfolk Gladiator)     Turns: 9816, Time: 00:29:43

Health: 0/96       AC: 15    Str: 15      XL:     12   Next: 7%
Magic:  15/15      EV: 18    Int: 12 (13) God:    Dithmenos [***...]
Gold:   1515       SH:  0    Dex: 16      Spells: 11/11 levels left

rFire   . . .        a - +0 trident (venom)
rCold   . . .        (no shield)
rNeg    . . .        E - +0 troll leather armour
rPois   +            c - +1 helmet
rElec   .            j - +2 cloak {rPois}
rCorr   +            n - +0 pair of gloves
SInv    .            (no boots)
Will    .....        A - amulet of regeneration
Stlth   +            m - ring of resist corrosion
HPRegen 1.96/turn    f - +4 ring of protection
MPRegen 0.14/turn

%: no teleportation
@: confused, spiked, wreathed by umbra
A: (nimble swimmer 2), mertail, clever 1, subdued magic 2
a: Renounce Religion, Shadow Step


You were in a Gauntlet.
You worshipped Dithmenos.
Dithmenos was most pleased with you.
You visited 2 branches of the dungeon, and saw 12 of its levels.
You also visited: Gauntlet.

You collected 1877 gold pieces.
You spent 362 gold pieces at shops.

Inventory:

Hand Weapons
 a - a +0 trident of venom (weapon)
 b - a +0 arbalest
 C - a +7 sling
 G - a +0 halberd
 I - a +3 trident
Missiles
 d - 3 throwing nets (quivered)
 e - a javelin
 o - 14 boomerangs
 H - a curare-tipped dart
Armour
 c - a +1 helmet (worn)
 i - a +0 ring mail of positive energy
 j - a +2 cloak of poison resistance (worn)
 n - a +0 pair of gloves (worn)
 E - a +0 troll leather armour (worn)
 O - a scarf of repulsion
Jewellery
 f - a +4 ring of protection (right hand)
 k - the ring of the Lost Coins {Ice Will+}
   (You found it on level 4 of the Dungeon)

   [ring of ice]

   It enhances your ice magic.
   rF:        It makes you vulnerable to fire.
   rC:        It protects you from cold.
   Will:      It increases your willpower.
 m - a ring of resist corrosion (left hand)
 r - an amulet of reflection
 A - an amulet of regeneration (around neck)
 K - a +6 ring of dexterity
 M - an amulet of the acrobat
Wands
 l - a wand of flame (4)
 p - a wand of iceblast (8)
 y - a wand of mindburst (14)
 N - a wand of paralysis (5)
Scrolls
 g - 2 scrolls of amnesia
 u - 2 scrolls of teleportation
 x - a scroll of poison
 D - a scroll of fog
 F - a scroll of identify
 L - a scroll of magic mapping
Potions
 h - 5 potions of brilliance
 q - 3 potions of flight
 s - 2 potions of lignification
 t - 3 potions of might
 v - 2 potions of curing
 w - 5 potions of ambrosia
 z - a potion of resistance
 B - a potion of cancellation
 J - a potion of attraction
 P - a potion of mutation


   Skills:
 + Level 9.5 Fighting
 + Level 14.8 Polearms
 + Level 2.0 Throwing
 + Level 5.7 Armour
 + Level 12.1 Dodging
 + Level 3.7 Stealth
 + Level 2.0 Shields
 + Level 4.7 Invocations


You had 11 spell levels left.
You didn't know any spells.
Your spell library contained the following spells:

 Spells                   Type           Power      Damage    Failure   Level
 Slow                     Hex            0%         N/A       28%         1
 Sublimation of Blood     Necr           0%         N/A       43%         2
 Confusing Touch          Hex            0%         N/A       67%         3
 Vampiric Draining        Necr           0%         2d6       67%         3
 Petrify                  Tmut/Erth      0%         N/A       97%         4
 Irradiate                Conj/Tmut      0%         3d11      100%        5


Dungeon Overview and Level Annotations

Branches:
Dungeon (11/15)            Temple (1/1) D:5            Lair (0/5) D:8
Gauntlet (1/1)
    Orc: D:9-12

Altars:
Ashenzari
Cheibriados
Dithmenos
Elyvilon
Fedhas
Gozag
Hepliaklqana
Kikubaaqudgha
Makhleb
Nemelex Xobeh
Okawaru
Qazlal
Ru
Sif Muna
Trog
Uskayaw
Vehumet
Wu Jian
Xom
Yredelemnul
Zin
The Shining One

Shops:
D:2 [

Annotations:
D:8 2 transporters
D:10 4 runed translucent doors Gauntlet 7 transporters, 9 runed translucent doors


Innate Abilities, Weirdness & Mutations

((You are very nimble when in or above water. (Stealth+, EV+, Speed+++)))
Your lower body shifts to a powerful aquatic tail in water.
Your mind is acute. (Int +4, Str/Dex -1)
Your spells are easier to cast, but less powerful.


Message History

The glowing orange brain looks as sick as possible!
The glowing orange brain is severely wounded.
The red devil misses you.
The small abomination completely misses you.
Unknown command.
You puncture the golden eye!
You kill the golden eye!
The golden eye dissolves into shadows!
The wyvern simulacrum barely misses you.
The golden eye blinks at you.
You are more confused.
The golden eye blinks!
The red devil completely misses you.
The glowing orange brain pulsates. x2
The small abomination misses you.
You puncture the wyvern simulacrum!
The wyvern simulacrum is severely damaged.
The golden eye blinks!
The wyvern simulacrum misses you.
The red devil hits you but does no damage.
The golden eye blinks!
The red devil completely misses you. The golden eye blinks at you.
You easily resist.
The small abomination barely misses you.
You hit the glowing orange brain.
The glowing orange brain is almost dead.
The glowing orange brain pulsates.
Something tries to feed on your intellect!
The wyvern simulacrum barely misses you.
The golden eye blinks at you.
You are more confused.
The golden eye blinks at you. The red devil closely misses you.
The small abomination attacks as you move away!
The small abomination hits you.
* * * LOW HITPOINT WARNING * * *
The barbed spikes dig painfully into your body as you move.
* * * LOW HITPOINT WARNING * * *
The golden eye blinks!
The wyvern simulacrum bites you.
* * * LOW HITPOINT WARNING * * *
The wyvern simulacrum freezes you.
You die...

##########################
#≈........................
###.........................
#8#..###########...#########
###..#..Guu.+..#.8.#....≈...
#..#.GG'4G+..#...#≈≈.≈≈.≈≈
#####..#..##4'#''#####.§≈..≈≈.
#≈8≈#..#[.+GxG+..#...#.≈§§≈...
##...#..#©.+GZ@#.©#©.©#©.§≈..≈≈
...8.#..#!.+.G.+..#...#...§≈.≈.
##...#..#$.##''#''#####≈.≈..≈..
...8.#..#...+..'..#...#.≈≈≈..≈≈
.#...#..#...+..'..#...#....≈≈©.
#...#..###########...#########
#.©.#≈.............≈§.........
#...#∩............≈8§.........
#.©.#≈.............≈..........


You could see 2 ugly things, 2 glowing orange brains, 2 red devils, a small
abomination (summoned), 6 golden eyes and a wyvern simulacrum (summoned).

Vanquished Creatures
  An ogre mage (D:10)
  Erica (D:8)
  Pikel (D:7)
  A deep elf pyromancer (D:10)
  A shining eye (Gauntlet)
  A faun (shapeshifter) (D:10)
  Joseph (D:7)
  A smoke demon (Gauntlet)
  An unseen horror (D:10)
  4 trolls
  A red devil (Gauntlet)
  3 hornets
  3 wraiths
  7 yaks
  A vampire (D:10)
  7 wyverns
  A steam dragon (D:6)
  Grum (D:10)
  4 vampire mosquitoes (D:8)
  2 acid dragons (D:10)
  2 floating eyes (Gauntlet)
  Duvessa (D:7)
  2 orc warriors
  3 ice beasts
  4 black bears
  3 sky beasts
  3 wolves
  3 centaurs (D:10)
  3 ogres
  A lemure (D:7)
  3 phantoms
  2 kobold brigands
  5 bullfrogs
  3 scorpions
  5 wights
  Dowan (D:7)
  8 killer bees
  A howler monkey (D:9)
  2 electric eels (D:8)
  2 crimson imps (Gauntlet)
  3 orc priests (D:7)
  2 gnoll boudas
  6 hounds (D:8)
  4 iguanas
  Jessica (D:2)
  A sleepcap (D:5)
  2 orc wizards
  5 adders
  7 gnolls
  A white imp (D:8)
  2 ufetubi (D:4)
  3 dart slugs
  13 orcs
  4 ball pythons
  4 endoplasms
  2 giant cockroaches
  4 goblins
  7 hobgoblins
  2 jackals (D:5)
  17 kobolds
  4 quokkas
  4 bats
  2 frilled lizards
  4 rats
204 creatures vanquished.

Vanquished Creatures (others)
  A vampire (D:10)
  An orc warrior (D:10)
  A hound (D:6)
  An iguana (D:6)
  2 orc wizards (D:10)
  2 orcs (D:6)
8 creatures vanquished.

Grand Total: 212 creatures vanquished

Notes
Turn   | Place    | Note
-------+----------+-------------------------------------------
     0 | D:1      | Eitelfritz the Merfolk Gladiator began the quest for the
                  | Orb.
     0 | D:1      | Reached XP level 1. HP: 16/16 MP: 1/1
    98 | D:1      | Reached XP level 2. HP: 15/22 MP: 2/2
  1252 | D:2      | Noticed Jessica
  1276 | D:2      | Killed Jessica
  1277 | D:2      | Reached skill level 5 in Dodging
  1277 | D:2      | Reached XP level 3. HP: 6/27 MP: 3/3
  1611 | D:2      | Reached XP level 4. HP: 32/34 MP: 4/4
  1622 | D:2      | Found Erhelura's Antique Armour Boutique.
  2246 | D:3      | Reached skill level 5 in Polearms
  2246 | D:3      | Reached skill level 1 in Armour
  2378 | D:3      | Found a white marble altar of Elyvilon.
  2599 | D:4      | Reached XP level 5. HP: 7/39 MP: 5/5
  2614 | D:4      | Noticed a black bear
  2750 | D:4      | Killed a black bear
  2751 | D:4      | Reached skill level 6 in Polearms
  2881 | D:3      | Identified a scroll of acquirement
  2881 | D:3      | Acquired 1081 gold pieces
  2915 | D:2      | Bought a shiny ring mail for 175 gold pieces
  2915 | D:2      | Bought an embroidered cloak for 187 gold pieces
  3180 | D:4      | Noticed a phantom
  3192 | D:4      | Noticed a black bear
  3217 | D:4      | Killed a black bear
  3218 | D:4      | Reached XP level 6. HP: 33/47 MP: 6/6
  3224 | D:4      | Reached skill level 1 in Stealth
  3592 | D:4      | Identified the ring of the Lost Coins {Ice Will+}
  3675 | D:4      | Reached XP level 7. HP: 40/52 MP: 7/7
  3933 | D:5      | Entered Level 5 of the Dungeon
  3959 | D:5      | Reached skill level 7 in Polearms
  4346 | D:5      | Reached skill level 8 in Polearms
  4352 | D:5      | Found a staircase to the Ecumenical Temple.
  4722 | D:5      | Found a sacrificial altar of Ru.
  4780 | D:5      | Reached XP level 8. HP: 60/60 MP: 8/8
  4843 | D:5      | Found a glowing golden altar of the Shining One.
  5232 | Temple   | Entered the Ecumenical Temple
  5459 | Temple   | Became a worshipper of Dithmenos the Shadowed
  5547 | D:6      | Noticed a wyvern
  5558 | D:6      | Killed a wyvern
  5559 | D:6      | Reached skill level 9 in Polearms
  5697 | D:6      | Reached skill level 5 in Fighting
  5697 | D:6      | Reached skill level 10 in Polearms
  5699 | D:6      | Reached skill level 1 in Shields
  5715 | D:6      | Reached XP level 9. HP: 40/68 MP: 9/9
  5989 | D:6      | Found a shimmering altar of Xom.
  6086 | D:6      | Found a glowing silver altar of Zin.
  6281 | D:7      | Noticed Duvessa
  6281 | D:7      | Noticed Dowan
  6296 | D:7      | Killed Duvessa
  6305 | D:7      | Killed Dowan
  6528 | D:7      | Reached skill level 11 in Polearms
  6602 | D:7      | Reached * piety under Dithmenos
  6917 | D:8      | Noticed Pikel
  6917 | D:8      | Noticed a hornet
  6937 | D:7      | Killed a hornet
  6969 | D:7      | Killed Pikel
  6970 | D:7      | Reached skill level 12 in Polearms
  6970 | D:7      | Reached skill level 5 in Armour
  6970 | D:7      | Reached XP level 10. HP: 68/77 MP: 10/10
  6981 | D:8      | Found a transporter.
  6984 | D:8      | Noticed Erica
  6999 | D:8      | Killed Erica
  7227 | D:8      | Noticed Joseph
  7276 | D:7      | Killed Joseph
  7317 | D:8      | Found a staircase to the Lair.
  7346 | D:8      | Reached ** piety under Dithmenos
  7347 | D:8      | Reached skill level 13 in Polearms
  7377 | D:8      | Reached skill level 10 in Dodging
  7515 | D:8      | Found a transporter.
  7619 | D:8      | Found a faded altar of an unknown god.
  7620 | D:8      | Found a hazy altar of Hepliaklqana.
  7661 | D:8      | Found an ornate altar of the Wu Jian Council.
  7776 | D:9      | Reached skill level 1 in Invocations
  7860 | D:9      | Reached XP level 11. HP: 86/86 MP: 12/12
  8280 | D:9      | Found a stormy altar of Qazlal.
  8372 | D:10     | Entered Level 10 of the Dungeon
  8449 | D:10     | Noticed Grum
  8473 | D:10     | Reached skill level 14 in Polearms
  8490 | D:10     | Killed Grum
  8671 | D:10     | Found a runed translucent door.
  8738 | D:10     | Noticed a deep elf pyromancer
  8759 | D:10     | Noticed a death drake
  8783 | D:10     | a death drake changed into a faun
  8783 | D:10     | Noticed a faun (shapeshifter)
  8793 | D:10     | Killed a faun
  8828 | D:10     | Reached *** piety under Dithmenos
  8864 | D:10     | Killed a deep elf pyromancer
  8898 | D:10     | Found a runed translucent gate.
  8899 | D:10     | Found a runed translucent gate.
  8899 | D:10     | Noticed a purple ugly thing
  8901 | D:10     | Found a runed translucent gate.
  8916 | D:10     | Noticed a red ugly thing
  8974 | D:10     | Noticed a brown ugly thing
  8975 | D:10     | Noticed a brown ugly thing
  8982 | D:10     | Noticed a faun
  9023 | D:10     | Noticed an ogre mage
  9024 | D:10     | Paralysed by an ogre mage for 3 turns
  9046 | D:10     | Killed an ogre mage
  9074 | D:10     | Found a hide-covered altar of Uskayaw.
  9274 | D:10     | a spriggan changed into an entropy weaver
  9274 | D:10     | Noticed an entropy weaver (glowing shapeshifter)
  9374 | D:10     | a water nymph changed into a deep troll
  9374 | D:10     | Noticed a deep troll (glowing shapeshifter)
  9375 | D:10     | a deep troll changed into a floating eye
  9402 | D:11     | Found a gate leading to a gauntlet.
  9412 | Gauntlet | Entered a Gauntlet
  9412 | Gauntlet | Noticed a catoblepas
  9412 | Gauntlet | Found a transporter.
  9412 | Gauntlet | Found a transporter.
  9428 | Gauntlet | Found a transporter.
  9432 | Gauntlet | Found a transporter.
  9436 | Gauntlet | Noticed a soul eater
  9442 | Gauntlet | Found a transporter.
  9446 | Gauntlet | Found a transporter.
  9456 | Gauntlet | Found a transporter.
  9473 | Gauntlet | Found a large runed translucent door.
  9473 | Gauntlet | Noticed a brown ugly thing
  9474 | Gauntlet | Found a large runed translucent door.
  9474 | Gauntlet | Noticed a glowing orange brain
  9475 | Gauntlet | Found a large runed translucent door.
  9475 | Gauntlet | Found a large runed translucent door.
  9475 | Gauntlet | Noticed a glowing orange brain
  9476 | Gauntlet | Found a runed translucent gate.
  9476 | Gauntlet | Noticed a white ugly thing
  9477 | Gauntlet | Found a transporter.
  9477 | Gauntlet | Found a runed translucent gate.
  9478 | Gauntlet | Found a runed translucent gate.
  9479 | Gauntlet | Found a large runed translucent door.
  9479 | Gauntlet | Found a large runed translucent door.
  9480 | Gauntlet | Found a large runed translucent door.
  9481 | Gauntlet | Found a large runed translucent door.
  9490 | Gauntlet | Found a large runed translucent door.
  9490 | Gauntlet | Found a large runed translucent door.
  9490 | Gauntlet | Found a runed translucent door.
  9490 | Gauntlet | Found a runed translucent door.
  9491 | Gauntlet | Found a large runed translucent door.
  9492 | Gauntlet | Found a large runed translucent door.
  9494 | Gauntlet | Found a transporter.
  9498 | Gauntlet | Found a transporter.
  9506 | Gauntlet | Noticed a shining eye
  9508 | Gauntlet | Found a transporter.
  9512 | Gauntlet | Found a transporter.
  9562 | Gauntlet | Found a large runed translucent door.
  9563 | Gauntlet | Found a large runed translucent door.
  9564 | Gauntlet | Found a large runed translucent door.
  9564 | Gauntlet | Found a large runed translucent door.
  9647 | Gauntlet | HP: 3/89 [smoke demon/divine providence (13)]
  9662 | Gauntlet | Reached XP level 12. HP: 13/96 MP: 15/15
  9730 | Gauntlet | Paralysed by a floating eye for 3 turns
  9732 | Gauntlet | Gained mutation: Your spells are a little easier to cast,
                  | but a little less powerful. [a shining eye]
  9733 | Gauntlet | Gained mutation: Your spells are easier to cast, but less
                  | powerful. [a shining eye]
  9740 | Gauntlet | Gained mutation: Your mind is acute. (Int +4, Str/Dex -1)
                  | [a shining eye]
  9816 | Gauntlet | Slain by a wyvern simulacrum

Illustrated notes

Levels and vault maps discovered:
D:1:      minmay_arrival_three_doors, layout_basic, serial_corexii_hall,
          corexii_hall_statues_s, chequers_hall_statues_y,
          corexii_hall_statues_i, corexii_hall_statues_l
D:2:      layout_basic, serial_shops, shop, minmay_pentomino_u2, uniq_jessica
D:3:      layout_loops_cross, nicolae_elyvilon_temple_path, chequers_garden,
          hex_large, grunt_ministairs_2, nrook_mini_backslash
D:4:      layout_layer_cave
D:5:      corexii_shack_village, layout_loops_corners, kennysheep_mini_moat,
          nicolae_ru_sacrificial_ziggurat, temple_statues,
          minmay_misc_feat_secret_circle
D:6:      layout_cave_pools, xom_confusion_cloud, zin_statuary,
          chequers_serial_rivers_marsh
D:7:      layout_rooms, uniq_duvessa
D:8:      gammafunk_steamed_eel, layout_rooms, nzn_wu_jian_contemplation,
          beargit_hepliaklqana_dungeon_heroes, erik_lair_island, uniq_joseph,
          uniq_erica, uniq_pikel
D:9:      layout_loops_ring, grunt_qazlal_clouds
D:10:     cheibrodos_ideogram_h, layout_rooms, eat_drink_and_be_merry_uskayaw,
          ploomutoo_gammafunk_ghost_potion_laboratory, lightli_church_of_beogh,
          uniq_grum
D:11:     layout_loops_ring, gauntlet_entry_generic,
          portal_ice_cave_entry_ice_simulacra, amcnicky_mini_pool_medium
Temple:   oiseaux_autumnal_temple
Gauntlet: gammafunk_gauntlet_hard_choice [nicolae_gauntlet_arena_x,
          gammafunk_gauntlet_arena_chambers, gammafunk_gauntlet_arena_mazey,
          nicolae_gauntlet_arena_flowing_pool, gammafunk_gauntlet_arena_open,
          minmay_gauntlet_arena_make_your_own_arena,
          nicolae_gauntlet_exit_dead_adventurers]

Skill      XL: |  1  2  3  4  5  6  7  8  9 10 11 12 |
---------------+-------------------------------------+-----
Dodging        | 5 6 8 10 11 12 | 12.1
Polearms       | 5 6 8 10 12 13 14 | 14.8
Armour         | 1 2 3 5 |  5.7
Fighting       | 3 4 5 6 7 9 |  9.5
Stealth        | 1 2 3 |  3.7
Shields        | 1 2 |  2.0
Invocations    | 1 4 |  4.7
Throwing       | |  2.0

Action                     |  1- 3 |  4- 6 |  7- 9 | 10-12 || total
---------------------------+-------+-------+-------+-------++-------
  Melee: Trident           |    86 |   134 |   308 |   639 ||  1167
         Tailslap          |       |     1 |       |    17 ||    18
         Punch             |       |     1 |     5 |    10 ||    16
    Use: Scroll            |       |    12 |     7 |     7 ||    26
         Potion            |       |       |     2 |     3 ||     5
   Stab: Sleeping          |       |       |       |     7 ||     7
         Distracted        |       |       |       |     1 ||     1
 Armour: Leather armour    |     8 |       |       |       ||     8
         Ring mail         |    29 |    48 |   109 |    49 ||   235
         Troll leather arm |       |       |       |   109 ||   109
  Dodge: Dodged            |    74 |   126 |   180 |   557 ||   937
  Block: Other             |       |       |    23 |       ||    23
